[Event "26th Abu Dhabi Master 2019"]
[Site "Abu Dhabi"]
[Date "2019.08.02"]
[Round "1.61"]
[White "Aditya Mittal"]
[Black "Haase, Pavel"]
[Result "1-0"]
[ECO "A80"]
[WhiteElo "2429"]
[BlackElo "2160"]
[Annotator "NA"]
[PlyCount "79"]
[EventDate "2019.08.02"]
[EventType "swiss"]
[EventCountry "UAE"]
[SourceTitle "playchess.com"]
[Source "ChessBase"]
[SourceQuality "1"]
[TimeControl "5400+30"]

1. d4 f5 2. Bg5 Nf6 3. Bxf6 exf6 4. e3 d5 5. Bd3 Be6 6. Nd2 Nc6 7. c3 g6 8. Ne2 Bd6 9. b4 O-O 10. a4 Qd7 11. a5 Ne7 12. Qb3 b5 13. Qc2 a6 14. Nb3 Rae8 15. Nc5 Bxc5 16. dxc5 Nc6 17. O-O-O Ne5 18. Nd4 Re7 19. h3 Rg7 20. Be2 h5 21. Qa2 Rd8 22. Qc2 Re8 23. g3 c6 24. Rdg1 Kf8 25. Re1 Ke7 26. f4 Nf7 27. g4 hxg4 28. hxg4 fxg4 29. e4 dxe4 30. Qxe4 Kf8 31. Bxb5 Bd5 32. Qxe8+ Qxe8 33. Rxe8+ Kxe8 34. Re1+ Kd7 35. Bxa6 Nd8 36. Bd3 f5 37. c4 Bg2 38. a6 Kc7 39. Re8 Kd7 40. Rxd8+ 1-0

[Event "26th Abu Dhabi Master 2019"]
[Site "Abu Dhabi"]
[Date "2019.08.02"]
[Round "1.62"]
[White "Panda Sambit"]
[Black "Laxman, R.R."]
[Result "1/2-1/2"]
[ECO "E15"]
[WhiteElo "2126"]
[BlackElo "2429"]
[Annotator "NA"]
[PlyCount "94"]
[EventDate "2019.08.02"]
[EventType "swiss"]
[EventCountry "UAE"]
[SourceTitle "playchess.com"]
[Source "ChessBase"]
[SourceQuality "1"]
[TimeControl "5400+30"]

1. d4 Nf6 2. c4 e6 3. Nf3 b6 4. g3 Ba6 5. b3 Bb7 6. Bg2 Bb4+ 7. Bd2 c5 8. Bxb4 cxb4 9. O-O O-O 10. Qd3 a5 11. Nbd2 d6 12. Ne1 Bxg2 13. Nxg2 Qc7 14. e4 e5 15. f4 exd4 16. Qxd4 Qc5 17. Qxc5 bxc5 18. a4 Nc6 19. Nh4 Rfe8 20. Rae1 Re6 21. f5 Re7 22. Rf3 Ne5 23. Rfe3 Rae8 24. h3 Kf8 25. Kg2 Nc6 26. Nhf3 Nd4 27. Nxd4 cxd4 28. Rd3 Nxe4 29. Rxd4 Nc5 30. Rxe7 Kxe7 31. Kf3 g6 32. Ne4 Nxb3 33. f6+ Kd7 34. Rxd6+ Kc7 35. Rd5 Re6 36. Ke3 h6 37. h4 h5 38. Rb5 Kc6 39. Kf4 Nd4 40. Rxa5 Kb6 41. Rd5 Ne2+ 42. Kf3 b3 43. Rb5+ Kc6 44. Rc5+ Kd7 45. Rd5+ Kc6 46. Rc5+ Kd7 47. Rd5+ Kc6 1/2-1/2

[Event "26th Abu Dhabi Master 2019"]
[Site "Abu Dhabi"]
[Date "2019.08.02"]
[Round "1.63"]
[White "Dimakiling, Oliver"]
[Black "Ashraf, Artin"]
[Result "1-0"]
[ECO "A34"]
[WhiteElo "2403"]
[BlackElo "2141"]
[Annotator "NA"]
[PlyCount "101"]
[EventDate "2019.08.02"]
[EventType "swiss"]
[EventCountry "UAE"]
[SourceTitle "playchess.com"]
[Source "ChessBase"]
[SourceQuality "1"]
[TimeControl "5400+30"]

1. c4 Nf6 2. Nc3 c5 3. g3 g6 4. Bg2 Bg7 5. Nf3 O-O 6. d4 cxd4 7. Nxd4 Nc6 8. O-O d6 9. e3 Bd7 10. b3 Qc8 11. Re1 Bh3 12. Bh1 h5 13. Bb2 Nxd4 14. exd4 Qd7 15. Qd2 Rfe8 16. a4 Rab8 17. d5 h4 18. Ne4 Nxe4 19. Rxe4 hxg3 20. hxg3 Bf5 21. Bxg7 Kxg7 22. Re3 a6 23. a5 Rh8 24. Bf3 g5 25. Rae1 Rbe8 26. b4 f6 27. Qe2 Kf8 28. c5 Bg6 29. Bg2 Rh7 30. Qc4 Rc8 31. Qc3 Rf7 32. Re6 Bf5 33. Qf3 Bg6 34. cxd6 exd6 35. Rxf6 Qd8 36. Ree6 Rc4 37. Bh3 Rc1+ 38. Kh2 Rxf6 39. Qxf6+ Qxf6 40. Rxf6+ Kg7 41. Rxd6 Rc2 42. Rd7+ Kh6 43. Rxb7 Rxf2+ 44. Kg1 Rf3 45. Rb6 Kg7 46. d6 Rxg3+ 47. Kh2 Rd3 48. d7 Kf7 49. Rxa6 Rd2+ 50. Kg1 Be4 51. Re6 1-0

[Event "26th Abu Dhabi Master 2019"]
[Site "Abu Dhabi"]
[Date "2019.08.02"]
[Round "1.64"]
[White "Tashkhodzhaev, Akram"]
[Black "Suleymanli, Aydin"]
[Result "1/2-1/2"]
[ECO "B19"]
[WhiteElo "2123"]
[BlackElo "2416"]
[Annotator "NA"]
[PlyCount "84"]
[EventDate "2019.08.02"]
[EventType "swiss"]
[EventCountry "UAE"]
[SourceTitle "playchess.com"]
[Source "ChessBase"]
[SourceQuality "1"]
[TimeControl "5400+30"]

1. e4 c6 2. d4 d5 3. Nd2 dxe4 4. Nxe4 Bf5 5. Ng3 Bg6 6. Nf3 Nd7 7. h4 h6 8. h5 Bh7 9. Bd3 Bxd3 10. Qxd3 Ngf6 11. Bf4 Qa5+ 12. Bd2 Qc7 13. O-O-O O-O-O 14. Qe2 e6 15. Ne5 Nb6 16. Ba5 c5 17. Bxb6 axb6 18. dxc5 Bxc5 19. Nd3 Rd5 20. Ne4 Nxe4 21. Qxe4 Be7 22. f4 Bf6 23. g3 Rhd8 24. Nf2 Bd4 25. Qe2 Qc5 26. Ne4 Qa5 27. c3 f5 28. cxd4 fxe4 29. Qc4+ Kb8 30. Kb1 b5 31. Qc3 Qb6 32. Qb4 Rxd4 33. Rxd4 Rxd4 34. Qf8+ Ka7 35. Rc1 Rd3 36. Qxg7 e3 37. Qe5 Rd5 38. Qe4 b4 39. Re1 Qc5 40. Rc1 Qb6 41. Re1 Qc5 42. Rc1 Qb6 1/2-1/2

[Event "26th Abu Dhabi Master 2019"]
[Site "Abu Dhabi"]
[Date "2019.08.02"]
[Round "1.65"]
[White "Sammed Jaykumar, Shete"]
[Black "Wang, Shanshan"]
[Result "1-0"]
[ECO "B53"]
[WhiteElo "2416"]
[BlackElo "2122"]
[Annotator "NA"]
[PlyCount "57"]
[EventDate "2019.08.02"]
[EventType "swiss"]
[EventCountry "UAE"]
[SourceTitle "playchess.com"]
[Source "ChessBase"]
[SourceQuality "1"]
[TimeControl "5400+30"]

1. e4 c5 2. Nf3 d6 3. d4 cxd4 4. Qxd4 Nc6 5. Qe3 Nf6 6. Be2 g6 7. h3 Bg7 8. O-O O-O 9. Rd1 Qc7 10. c4 Nb4 11. Qb3 Nc6 12. Nc3 Na5 13. Qb4 Bd7 14. Be3 Nc6 15. Qa3 b6 16. Rac1 Qb7 17. b4 Be6 18. c5 dxc5 19. Ba6 Qb8 20. bxc5 Ne5 21. Nxe5 Qxe5 22. f4 Qh5 23. e5 Nd7 24. c6 Nxe5 25. fxe5 Bxe5 26. Ne2 Rad8 27. Rxd8 Rxd8 28. Qxe7 Rf8 29. Qg5 1-0

[Event "26th Abu Dhabi Master 2019"]
[Site "Abu Dhabi"]
[Date "2019.08.02"]
[Round "1.66"]
[White "Mahdian, Anousha"]
[Black "Sankalp Gupta"]
[Result "1-0"]
[ECO "E32"]
[WhiteElo "2118"]
[BlackElo "2416"]
[Annotator "NA"]
[PlyCount "63"]
[EventDate "2019.08.02"]
[EventType "swiss"]
[EventCountry "UAE"]
[SourceTitle "playchess.com"]
[Source "ChessBase"]
[SourceQuality "1"]
[TimeControl "5400+30"]

1. d4 Nf6 2. c4 e6 3. Nc3 Bb4 4. Qc2 b6 5. e4 c5 6. d5 Qe7 7. Nge2 exd5 8. exd5 O-O 9. Bd2 d6 10. f3 a6 11. O-O-O Nbd7 12. Ng3 Re8 13. Nf5 Qf8 14. g4 Ne5 15. Be2 b5 16. Ne3 Bb7 17. Rhf1 bxc4 18. g5 Nd3+ 19. Bxd3 cxd3 20. Qxd3 Nd7 21. Nc4 Ne5 22. Nxe5 dxe5 23. Ne4 a5 24. Qe3 Red8 25. Nf6+ gxf6 26. gxf6 Kh8 27. Rg1 Ra6 28. Qg5 Bxd2+ 29. Rxd2 h6 30. Qxe5 Qd6 31. Qe7 Rb6 32. Rg6 1-0

[Event "26th Abu Dhabi Master 2019"]
[Site "Abu Dhabi"]
[Date "2019.08.02"]
[Round "1.67"]
[White "Vaishali R"]
[Black "Davainis, Marius"]
[Result "1-0"]
[ECO "B01"]
[WhiteElo "2344"]
[BlackElo "2105"]
[Annotator "NA"]
[PlyCount "53"]
[EventDate "2019.08.02"]
[EventType "swiss"]
[EventCountry "UAE"]
[SourceTitle "playchess.com"]
[Source "ChessBase"]
[SourceQuality "1"]
[TimeControl "5400+30"]

1. e4 d5 2. exd5 Nf6 3. d4 Nxd5 4. c4 Nb6 5. Nc3 g6 6. c5 Nd5 7. Bc4 Nxc3 8. Qf3 e6 9. bxc3 Bg7 10. Ne2 O-O 11. h4 h6 12. Qg3 c6 13. h5 g5 14. f4 Bf6 15. O-O b6 16. fxg5 Bxg5 17. Nf4 Qc7 18. Qf3 Qe7 19. Nh3 Bxc1 20. Raxc1 Ba6 21. Qg3+ Kh8 22. Qe3 Kg7 23. Qe5+ Kh7 24. Bxa6 Nxa6 25. Rf6 Rh8 26. Rcf1 Raf8 27. Ng5+ 1-0

[Event "26th Abu Dhabi Master 2019"]
[Site "Abu Dhabi"]
[Date "2019.08.02"]
[Round "1.68"]
[White "Panesar Vedant"]
[Black "Ni, Shiqun"]
[Result "0-1"]
[ECO "D90"]
[WhiteElo "2092"]
[BlackElo "2407"]
[Annotator "NA"]
[PlyCount "96"]
[EventDate "2019.08.02"]
[EventType "swiss"]
[EventCountry "UAE"]
[SourceTitle "playchess.com"]
[Source "ChessBase"]
[SourceQuality "1"]
[TimeControl "5400+30"]

1. d4 Nf6 2. c4 g6 3. Nc3 d5 4. Nf3 Bg7 5. h4 c6 6. Bg5 dxc4 7. e4 Be6 8. e5 Nd5 9. Be2 Nd7 10. h5 f6 11. exf6 exf6 12. Bd2 Qe7 13. O-O Nxc3 14. bxc3 Qf7 15. h6 Bf8 16. Re1 O-O-O 17. Qa4 Kb8 18. Bf4+ Ka8 19. Rab1 b5 20. Rxb5 cxb5 21. Qxb5 Bd5 22. Bc7 Rb8 23. Bxb8 Nxb8 24. Nd2 Bxh6 25. Nxc4 Bf4 26. g3 Bc7 27. Ne3 Bc6 28. Qd3 f5 29. d5 Bb7 30. d6 Bb6 31. Nc4 Qd5 32. Qxd5 Bxd5 33. Rd1 Bxc4 34. Bxc4 Kb7 35. Bd5+ Kc8 36. a4 Re8 37. Kf1 Kd7 38. Bc4 Nc6 39. Bf7 Rf8 40. Bb3 Rf6 41. Bg8 Rxd6 42. Rxd6+ Kxd6 43. Bxh7 Ne7 44. f4 Kd5 45. Ke2 Ke4 46. c4 a5 47. Kd2 Kf3 48. Kd3 Bc5 {[%emt 0:00:38] Kd4} 0-1

[Event "26th Abu Dhabi Master 2019"]
[Site "Abu Dhabi"]
[Date "2019.08.02"]
[Round "1.69"]
[White "Agmanov, Zhandos"]
[Black "Srihari L"]
[Result "1-0"]
[ECO "B50"]
[WhiteElo "2402"]
[BlackElo "2101"]
[Annotator "NA"]
[PlyCount "95"]
[EventDate "2019.08.02"]
[EventType "swiss"]
[EventCountry "UAE"]
[SourceTitle "playchess.com"]
[Source "ChessBase"]
[SourceQuality "1"]
[TimeControl "5400+30"]

1. e4 c5 2. Nf3 d6 3. d4 Nf6 4. dxc5 Nxe4 5. cxd6 Nxd6 6. Bf4 Nc6 7. Nc3 g6 8. Nb5 Nxb5 9. Qxd8+ Nxd8 10. Bxb5+ Bd7 11. Bxd7+ Kxd7 12. O-O-O+ Ke8 13. Nd4 Bg7 14. Nb5 Ne6 15. Rhe1 Kf8 16. Nc7 Nxc7 17. Bxc7 Ke8 18. Rd3 Bf6 19. Red1 Kf8 20. Rd7 Kg7 21. a4 b6 22. c3 Rhc8 23. Kc2 Re8 24. Bg3 Rec8 25. Rb7 Rc6 26. Rdd7 a6 27. Bc7 b5 28. axb5 axb5 29. Bf4 Ra4 30. Be3 Rg4 31. g3 b4 32. Rdc7 Rxc7 33. Rxc7 bxc3 34. bxc3 Ra4 35. c4 Ra8 36. c5 Kf8 37. Kb3 Ke8 38. Kc4 Kd8 39. Rb7 Be5 40. c6 Bc7 41. Ba7 Rc8 42. Kb5 Bd6 43. Rd7+ Ke8 44. Kb6 Rd8 45. Rxd8+ Kxd8 46. Kb7 Bc7 47. Bc5 Ba5 48. Bb4 1-0

[Event "26th Abu Dhabi Master 2019"]
[Site "Abu Dhabi"]
[Date "2019.08.02"]
[Round "1.71"]
[White "Ammar, Sedrani"]
[Black "Sharma Isha"]
[Result "1-0"]
[ECO "B07"]
[WhiteElo "2024"]
[BlackElo "2188"]
[Annotator "NA"]
[PlyCount "101"]
[EventDate "2019.08.02"]
[EventType "swiss"]
[EventCountry "UAE"]
[SourceTitle "playchess.com"]
[Source "ChessBase"]
[SourceQuality "1"]
[TimeControl "5400+30"]

1. d4 d6 2. e4 Nf6 3. Nc3 e5 4. dxe5 dxe5 5. Qxd8+ Kxd8 6. Bc4 Ke8 7. f3 c6 8. Be3 b5 9. Bb3 a5 10. a4 b4 11. Nb1 Nfd7 12. Nd2 Bd6 13. Ne2 Na6 14. Nc1 Bc5 15. Ke2 Nb6 16. Nd3 Bxe3 17. Kxe3 f6 18. Nc4 Nxc4+ 19. Bxc4 Nc7 20. Nc5 Ke7 21. Rad1 Rd8 22. Rxd8 Kxd8 23. g3 Ne8 24. f4 exf4+ 25. gxf4 Ke7 26. e5 Bf5 27. Rd1 Ra7 28. Bb3 g5 29. Re1 Bg6 30. h4 h6 31. exf6+ Kxf6 32. fxg5+ hxg5 33. Rf1+ Ke5 34. Rg1 g4 35. Rxg4 Bf5 36. Nd3+ Kf6 37. Rc4 Re7+ 38. Kd2 Be4 39. Rc5 Ra7 40. Re5 Bxd3 41. Re6+ Kf5 42. cxd3 Ng7 43. Rxc6 Kg4 44. Rh6 Re7 45. Ra6 Nf5 46. Be6 Kf4 47. Bxf5 Kxf5 48. Rxa5+ Kg4 49. h5 Kf3 50. Rf5+ Kg4 51. Rb5 1-0

[Event "26th Abu Dhabi Master 2019"]
[Site "Abu Dhabi"]
[Date "2019.08.02"]
[Round "1.72"]
[White "Thrish Karthik"]
[Black "Soumya, Swaminathan"]
[Result "0-1"]
[ECO "A37"]
[WhiteElo "2075"]
[BlackElo "2402"]
[Annotator "NA"]
[PlyCount "82"]
[EventDate "2019.08.02"]
[EventType "swiss"]
[EventCountry "UAE"]
[SourceTitle "playchess.com"]
[Source "ChessBase"]
[SourceQuality "1"]
[TimeControl "5400+30"]

1. Nf3 c5 2. c4 Nc6 3. Nc3 g6 4. g3 Bg7 5. Bg2 e6 6. O-O Nge7 7. d3 d5 8. cxd5 exd5 9. Bg5 Be6 10. e4 Qd7 11. Re1 O-O 12. Bxe7 Nxe7 13. e5 h6 14. d4 b6 15. Qd2 Rac8 16. Ne2 Bg4 17. Nf4 g5 18. Ne2 Nc6 19. Rad1 Bxf3 20. Bxf3 cxd4 21. Nxd4 Nxe5 22. Bg2 Nc4 23. Qb4 Rfe8 24. Rxe8+ Rxe8 25. b3 Nb2 26. Rb1 Nd3 27. Qb5 Qxb5 28. Nxb5 Re2 29. Bxd5 Rxa2 30. Nd6 Nxf2 31. Bxf7+ Kf8 32. b4 Rd2 33. Nc4 Rd4 34. Be6 Nd1 35. Na3 Rd2 36. Nc4 Bd4+ 37. Kh1 Nf2+ 38. Kg2 Re2 39. Bd5 Nd1+ 40. Kh1 Re1+ 41. Kg2 Ne3+ 0-1

[Event "26th Abu Dhabi Master 2019"]
[Site "Abu Dhabi"]
[Date "2019.08.02"]
[Round "1.73"]
[White "Rakesh Kumar Jena"]
[Black "Salonika, Saina"]
[Result "1/2-1/2"]
[ECO "A48"]
[WhiteElo "2395"]
[BlackElo "2127"]
[Annotator "NA"]
[PlyCount "56"]
[EventDate "2019.08.02"]
[EventType "swiss"]
[EventCountry "UAE"]
[SourceTitle "playchess.com"]
[Source "ChessBase"]
[SourceQuality "1"]
[TimeControl "5400+30"]

1. d4 Nf6 2. Nf3 g6 3. Nc3 d5 4. Bf4 Bg7 5. e3 O-O 6. Be2 c6 7. h3 Nbd7 8. g4 b6 9. g5 Ne4 10. Nxe4 dxe4 11. Nd2 e5 12. dxe5 Qe7 13. Nxe4 Qb4+ 14. Nd2 Qxb2 15. Rb1 Qc3 16. e6 Nc5 17. Bd6 Bxe6 18. Bxf8 Rxf8 19. Rc1 Rd8 20. Bd3 Qa5 21. Qe2 Bc3 22. Rd1 Na4 23. Qf3 Nb2 24. Ke2 Nxd1 25. Rxd1 Bxd2 26. Rxd2 c5 27. Qf6 b5 28. Rd1 c4 1/2-1/2

[Event "26th Abu Dhabi Master 2019"]
[Site "Abu Dhabi"]
[Date "2019.08.02"]
[Round "1.74"]
[White "Soham Kamotra"]
[Black "Assaubayeva, Bibisara"]
[Result "1-0"]
[ECO "A05"]
[WhiteElo "2136"]
[BlackElo "2375"]
[Annotator "NA"]
[PlyCount "77"]
[EventDate "2019.08.02"]
[EventType "swiss"]
[EventCountry "UAE"]
[SourceTitle "playchess.com"]
[Source "ChessBase"]
[SourceQuality "1"]
[TimeControl "5400+30"]

1. Nf3 Nf6 2. c4 g6 3. g3 c5 4. Bg2 Bg7 5. d4 cxd4 6. Nxd4 O-O 7. Nc3 Nc6 8. O-O Nxd4 9. Qxd4 d6 10. Qd3 a6 11. Rd1 Bf5 12. e4 Bg4 13. f3 Be6 14. Be3 Qa5 15. Rac1 Rfc8 16. b3 Nd7 17. Nd5 Bxd5 18. Qxd5 Qxd5 19. Rxd5 Rc7 20. Bh3 Nf6 21. Rdd1 Ne8 22. c5 Bb2 23. Rc4 Ba3 24. cxd6 exd6 25. Rxc7 Nxc7 26. Bc1 Bc5+ 27. Kf1 b5 28. a3 a5 29. Ke2 Kf8 30. Bb2 Ke7 31. e5 d5 32. Rc1 Na6 33. f4 Ra7 34. Bc8 Bb6 35. Bxa6 Rxa6 36. Rc6 a4 37. bxa4 bxa4 38. Bd4 Bxd4 39. Rxa6 1-0

[Event "26th Abu Dhabi Master 2019"]
[Site "Abu Dhabi"]
[Date "2019.08.02"]
[Round "1.74"]
[White "Soham Kamotra"]
[Black "Assaubayeva, Bibisara"]
[Result "*"]
[ECO "E21"]
[WhiteElo "2136"]
[BlackElo "2375"]
[Annotator "NA"]
[PlyCount "31"]
[EventDate "2019.08.02"]
[EventType "swiss"]
[EventCountry "UAE"]
[SourceTitle "playchess.com"]
[Source "ChessBase"]
[SourceQuality "1"]
[TimeControl "5400+30"]

1. c4 Nf6 2. d4 e6 3. Nc3 Bb4 4. Nf3 O-O 5. Qc2 d5 6. a3 Bxc3+ 7. Qxc3 dxc4 8. Qxc4 b6 9. Bg5 Ba6 10. Qa4 h6 11. Bh4 Bb7 12. e3 Qd7 13. Bb5 c6 14. Be2 c5 15. Qd1 cxd4 16. Qxd4 *

[Event "26th Abu Dhabi Master 2019"]
[Site "Abu Dhabi"]
[Date "2019.08.02"]
[Round "1.75"]
[White "Manush Shah"]
[Black "Tarini Goyal"]
[Result "1/2-1/2"]
[ECO "A46"]
[WhiteElo "2373"]
[BlackElo "2038"]
[Annotator "NA"]
[PlyCount "71"]
[EventDate "2019.08.02"]
[EventType "swiss"]
[EventCountry "UAE"]
[SourceTitle "playchess.com"]
[Source "ChessBase"]
[SourceQuality "1"]
[TimeControl "5400+30"]

1. d4 Nf6 2. Nf3 d5 3. c4 e6 4. e3 b6 5. cxd5 exd5 6. Nc3 Bb7 7. Bd3 Bd6 8. O-O O-O 9. Qc2 c5 10. b3 Nc6 11. a3 cxd4 12. exd4 Re8 13. Bg5 h6 14. Bxf6 Qxf6 15. Nxd5 Qd8 16. Nc3 Rc8 17. Bf5 Rc7 18. Qd3 Ne7 19. Nb5 Ba6 20. Rfe1 g6 21. Bh3 Rf8 22. a4 Nd5 23. Qe4 Bxb5 24. axb5 Nf4 25. Ne5 Bxe5 26. dxe5 Nxh3+ 27. gxh3 Re8 28. Rad1 Qg5+ 29. Kh1 Rc5 30. Rd5 Rxd5 31. Qxd5 Qf5 32. Kg2 Qg5+ 33. Kf1 Qf5 34. Re3 Rc8 35. Qf3 Qxf3 36. Rxf3 1/2-1/2

[Event "26th Abu Dhabi Master 2019"]
[Site "Abu Dhabi"]
[Date "2019.08.03"]
[Round "2.4"]
[White "Sadhwani, Raunak"]
[Black "Esipenko, Andrey"]
[Result "1/2-1/2"]
[ECO "C68"]
[WhiteElo "2477"]
[BlackElo "2621"]
[Annotator "ChessBase"]
[PlyCount "114"]
[EventDate "2019.08.02"]
[EventType "swiss"]
[EventCountry "UAE"]
[SourceTitle "playchess.com"]
[Source "ChessBase"]
[SourceQuality "1"]
[TimeControl "5400+30"]

1. e4 e5 2. Nf3 Nc6 3. Bb5 a6 4. Bxc6 dxc6 5. O-O Qf6 6. d4 exd4 7. Bg5 Qd6 8. Nxd4 Be7 9. Be3 Bd7 10. Qe2 O-O-O 11. Nd2 Qg6 12. f3 f5 13. exf5 Bxf5 14. Nc4 Qf6 15. Rad1 Bd7 16. Nb3 Qe6 17. Rfe1 Nf6 18. Nca5 Qf5 19. g4 Qb5 20. c4 Qa4 21. Qc2 b6 22. Nb7 Rde8 23. g5 c5 24. gxf6 gxf6 25. N7xc5 bxc5 26. Qe4 Bc6 27. Qf5+ Kb8 28. Bf4 Qxa2 29. Re3 Bd6 30. Rxe8+ Rxe8 31. Nxc5 Rg8+ 32. Kf2 Qxb2+ 33. Rd2 Qa1 34. Bg3 Qc3 35. Nxa6+ Kb7 36. Rxd6 cxd6 37. Qxh7+ Kxa6 38. Qxg8 Qd2+ 39. Kf1 Qd1+ 40. Kf2 Qxf3+ 41. Ke1 Qe3+ 42. Kf1 Qd3+ 43. Ke1 Qc3+ 44. Kf1 Qc1+ 45. Ke2 Qc2+ 46. Ke1 Qe4+ 47. Kf2 f5 48. Qc8+ Bb7 49. Qd7 Qd4+ 50. Ke1 Qc3+ 51. Kf2 Qd2+ 52. Kf1 Qd3+ 53. Ke1 Qc3+ 54. Kf2 Qd4+ 55. Ke1 Qe3+ 56. Kf1 Qd3+ 57. Ke1 Qe3+ 1/2-1/2

[Event "26th Abu Dhabi Master 2019"]
[Site "Abu Dhabi"]
[Date "2019.08.03"]
[Round "2.15"]
[White "Can, Emre"]
[Black "Dimakiling, Oliver"]
[Result "1/2-1/2"]
[ECO "E15"]
[WhiteElo "2595"]
[BlackElo "2403"]
[Annotator "ChessBase"]
[PlyCount "131"]
[EventDate "2019.08.02"]
[EventType "swiss"]
[EventCountry "UAE"]
[SourceTitle "playchess.com"]
[Source "ChessBase"]
[SourceQuality "1"]
[TimeControl "5400+30"]

1. d4 Nf6 2. c4 e6 3. Nf3 b6 4. g3 Ba6 5. Nbd2 c5 6. e4 cxd4 7. e5 Ng4 8. h3 Nh6 9. Bg2 Bb7 10. O-O f5 11. Nxd4 Bxg2 12. Kxg2 Nf7 13. Qa4 Qe7 14. N2f3 Qb4 15. Qc2 Be7 16. Be3 O-O 17. Rfd1 Rc8 18. Rac1 Qa5 19. a3 Qa6 20. g4 fxg4 21. hxg4 Qb7 22. Rh1 g6 23. Rh3 Kg7 24. Rch1 Rh8 25. Ne2 Nc6 26. Nf4 Rag8 27. Kf1 Ncd8 28. Ke2 Qc6 29. Qd3 Kf8 30. Bd4 Rg7 31. Bc3 Ke8 32. Nd5 h6 33. Nd4 Qb7 34. Nxe7 Nxe5 35. Qg3 Qe4+ 36. Qe3 Qxg4+ 37. Nf3 Qxc4+ 38. Kd2 Ng4 39. Qd4 Qxd4+ 40. Bxd4 Rxe7 41. Bxh8 Nxf2 42. Rxh6 Nxh1 43. Rxh1 Rf7 44. Ke3 Rf5 45. Ne5 d6 46. Nxg6 e5 47. Rg1 Ne6 48. Nh4 Rh5 49. Bf6 Kf7 50. Rf1 Nf4 51. Bd8 Ke8 52. Bf6 Nd5+ 53. Kd3 Nxf6 54. Rxf6 Rxh4 55. Rxd6 Ke7 56. Rg6 Rd4+ 57. Ke3 Ra4 58. Rh6 Kd7 59. Rg6 Kc7 60. Re6 Ra5 61. Ke4 Rb5 62. b4 a5 63. Rxe5 Kc6 64. Re6+ Kd7 65. Re5 Kc6 66. Re6+ 1/2-1/2

[Event "26th Abu Dhabi Master 2019"]
[Site "Abu Dhabi"]
[Date "2019.08.03"]
[Round "2.16"]
[White "Sammed Jaykumar, Shete"]
[Black "Petrosyan, Manuel"]
[Result "0-1"]
[ECO "C50"]
[WhiteElo "2416"]
[BlackElo "2592"]
[Annotator "ChessBase"]
[PlyCount "134"]
[EventDate "2019.08.02"]
[EventType "swiss"]
[EventCountry "UAE"]
[SourceTitle "playchess.com"]
[Source "ChessBase"]
[SourceQuality "1"]
[TimeControl "5400+30"]

1. e4 e5 2. Nf3 Nc6 3. Bc4 Nf6 4. d3 Bc5 5. O-O d6 6. c3 O-O 7. h3 h6 8. Bb3 a5 9. a4 Re8 10. Na3 Be6 11. Nc4 d5 12. exd5 Bxd5 13. Re1 e4 14. dxe4 Bxc4 15. Bxc4 Qxd1 16. Rxd1 Nxe4 17. Rf1 Ne5 18. Nxe5 Rxe5 19. g4 g5 20. Kg2 Nd6 21. Bd3 Rae8 22. c4 Bd4 23. Rb1 Ne4 24. Bxe4 Rxe4 25. Bd2 Bb6 26. b3 Rd8 27. Rfe1 Rxe1 28. Bxe1 c5 29. Rc1 Bc7 30. Rc3 Bf4 31. Kf1 Bd2 32. Bxd2 Rxd2 33. Kg2 Kg7 34. Kg3 f5 35. gxf5 Kf6 36. f4 Kxf5 37. fxg5 Kxg5 38. Rf3 Rd4 39. Re3 Kf5 40. Kf3 h5 41. Kg3 h4+ 42. Kf3 Rd2 43. Re7 Rd3+ 44. Re3 Rxe3+ 45. Kxe3 Ke5 46. Kf3 Kd4 47. Kg4 Kc3 48. Kxh4 Kxb3 49. Kg5 Kxc4 50. h4 Kb3 51. h5 c4 52. h6 c3 53. h7 c2 54. h8=Q c1=Q+ 55. Kf5 Qc5+ 56. Ke4 Qc4+ 57. Kf5 Kxa4 58. Qa1+ Kb5 59. Ke5 a4 60. Qb2+ Ka6 61. Qa3 b6 62. Qa1 Ka5 63. Kf5 Qd3+ 64. Kf4 a3 65. Qe1+ Ka4 66. Qe8+ b5 67. Kg5 Qd5+ 0-1

[Event "26th Abu Dhabi Master 2019"]
[Site "Abu Dhabi"]
[Date "2019.08.03"]
[Round "2.17"]
[White "Vaishali R"]
[Black "Santos Latasa, Jaime"]
[Result "1/2-1/2"]
[ECO "C11"]
[WhiteElo "2344"]
[BlackElo "2594"]
[Annotator "ChessBase"]
[PlyCount "89"]
[EventDate "2019.08.02"]
[EventType "swiss"]
[EventCountry "UAE"]
[SourceTitle "playchess.com"]
[Source "ChessBase"]
[SourceQuality "1"]
[TimeControl "5400+30"]

1. e4 e6 2. d4 d5 3. Nc3 Nf6 4. e5 Nfd7 5. f4 c5 6. Nf3 a6 7. Be3 Qb6 8. Na4 Qa5+ 9. c3 cxd4 10. b4 Qc7 11. Qxd4 b5 12. Nb2 f6 13. exf6 Nxf6 14. Ne5 Nc6 15. Nxc6 Qxc6 16. Be2 Bd6 17. O-O O-O 18. a4 Ne4 19. Ra3 Bd7 20. Bf3 Qc7 21. Bxe4 dxe4 22. axb5 Bxb5 23. c4 Bc6 24. c5 Bxf4 25. Bxf4 Rxf4 26. Rd1 Qf7 27. Rg3 Rf8 28. h3 Bd5 29. Na4 h5 30. Nc3 Ba8 31. Qe3 h4 32. Rg4 Rxg4 33. hxg4 Qg6 34. g5 Qf5 35. Rd4 Kh8 36. Rd2 Qg4 37. Rf2 Rf3 38. Qd4 h3 39. g6 Qxg6 40. Qd8+ Kh7 41. Qh4+ Kg8 42. Qd8+ Kf7 43. Qd7+ Kg8 44. Qd8+ Kf7 45. Qd7+ 1/2-1/2

[Event "26th Abu Dhabi Master 2019"]
[Site "Abu Dhabi"]
[Date "2019.08.03"]
[Round "2.18"]
[White "Jobava, Baadur"]
[Black "Agmanov, Zhandos"]
[Result "1-0"]
[ECO "E40"]
[WhiteElo "2594"]
[BlackElo "2402"]
[Annotator "ChessBase"]
[PlyCount "63"]
[EventDate "2019.08.02"]
[EventType "swiss"]
[EventCountry "UAE"]
[SourceTitle "playchess.com"]
[Source "ChessBase"]
[SourceQuality "1"]
[TimeControl "5400+30"]

1. d4 Nf6 2. c4 e6 3. Nc3 Bb4 4. e3 d5 5. cxd5 exd5 6. Bd3 O-O 7. Nge2 Re8 8. Bd2 Bd6 9. Rc1 c6 10. f3 Nh5 11. Kf2 f5 12. h4 Be6 13. Qb3 b6 14. Qa4 a6 15. Qc2 g6 16. Na4 a5 17. Qb3 Bc7 18. g3 Bf7 19. Nf4 Nxf4 20. gxf4 h5 21. Qc2 Qf6 22. Nc3 Bd6 23. Rcg1 Kh7 24. Rg5 Be6 25. Rhg1 Rg8 26. e4 Bxf4 27. e5 Bxe5 28. dxe5 Qxe5 29. Ne2 Qh2+ 30. R1g2 Qxh4+ 31. Kg1 Nd7 32. Rh2 1-0

[Event "26th Abu Dhabi Master 2019"]
[Site "Abu Dhabi"]
[Date "2019.08.03"]
[Round "2.19"]
[White "Ni, Shiqun"]
[Black "Idani, Pouya"]
[Result "0-1"]
[ECO "B06"]
[WhiteElo "2407"]
[BlackElo "2595"]
[Annotator "ChessBase"]
[PlyCount "58"]
[EventDate "2019.08.02"]
[EventType "swiss"]
[EventCountry "UAE"]
[SourceTitle "playchess.com"]
[Source "ChessBase"]
[SourceQuality "1"]
[TimeControl "5400+30"]

1. e4 g6 2. d4 Bg7 3. Nf3 d6 4. Nc3 a6 5. Be2 Nf6 6. O-O O-O 7. Re1 Nc6 8. d5 Nb8 9. a4 e5 10. dxe6 Bxe6 11. Nd4 Nc6 12. Nxe6 fxe6 13. Bc4 Qe7 14. Be3 Ne5 15. Be2 c5 16. h3 Nfd7 17. Qb1 Nc6 18. Qa2 Bd4 19. Bc4 Rae8 20. Rad1 Nde5 21. Rd2 Bxe3 22. Rxe3 Kh8 23. Nd1 Rf4 24. c3 d5 25. Bxd5 exd5 26. exd5 Qd6 27. Rde2 Na5 28. g3 Rf3 29. Re4 Rd3 0-1